 Dungeon Crawl Stone Soup version 0.30-a0-879-ga8ba668304 (webtiles) character file.

Game seed: 8096501789500543856

568 Pimp the Chopper (level 7, -2/87 (90) HPs)
             Began as an Armataur Reaver on Mar 13, 2023.
             Was an Initiate of Gozag.
             Slain by a gnoll bouda
             ... wielding a +0 whip
              (6 damage)
             ... on level 5 of the Dungeon.
             The game lasted 00:13:21 (5215 turns).

Pimp the Chopper (Armataur Reaver)                  Turns: 5215, Time: 00:13:22

HP:   -2/87 (90)    AC: 23    Str: 17      XL:     7   Next: 11%
MP:   11/11         EV:  1    Int: 16      God:    Gozag
Gold: 273           SH:  0    Dex:  6 (8)  Spells: 11/12 levels left

rFire   + . .      SeeInvis +    a - +1 hand axe
rCold   + + .      Faith    .    (no shield)
rNeg    . . .      Spirit   .    k - melded +0 ring mail
rPois   +          Reflect  .    p - melded +0 helmet
rElec   +          Roll     +    (cloak currently unavailable)
rCorr   +          NoTele   +    r - melded +0 pair of gloves
Will    .....                    (no barding)
Stlth   +                        (no amulet)
HPRegen 0.34/turn                s - ring of protection from cold
MPRegen 0.12/turn                (no ring)

@: tree-form, resistant, lightly drained, invisible
A: stationary, stasis, torment immunity, boosted hp, large, rugged brown scales
3, (deformed body), (armoured tail), roll, long tongue, awkward tongue, (stinger
1), see invisible, sense surroundings 1
a: Renounce Religion, Potion Petition, Call Merchant, Bribe Branch


You were on level 5 of the Dungeon.
You worshipped Gozag.
Gozag was aware of your devotion.
You were a tree.
You visited 2 branches of the dungeon, and saw 6 of its levels.
You also visited: Sewer.

You collected 370 gold pieces.
You paid 97 gold pieces to Gozag.

Inventory:

Hand Weapons
 a - a +1 hand axe (weapon)
Missiles
 c - 12 poisoned darts
 d - 5 atropa-tipped darts
Armour
 k - a +0 ring mail (melded)
 p - a +0 helmet (melded)
 r - a +0 pair of gloves (melded)
Jewellery
 s - a ring of protection from cold (left branch)
 x - a +6 ring of dexterity
Wands
 i - a wand of flame (3) (quivered)
Scrolls
 g - a scroll of silence
 h - 3 scrolls of fog
 l - 4 scrolls of identify
 q - 3 scrolls of enchant weapon
 w - a scroll of blinking
Potions
 e - a potion of lignification
 f - a potion of magic
 j - 3 potions of might
 n - 2 potions of brilliance


   Skills:
 + Level 3.2 Fighting
 * Level 4.2 Axes
 + Level 1.0 Armour
 + Level 2.6 Dodging
 + Level 3.1 Spellcasting
 + Level 3.9 Conjurations


You had 11 spell levels left.
You knew the following spells:

 Your Spells              Type           Power      Damage    Failure   Level
a - Kiss of Death         Conj/Necr      32%        2d7       9%          1

Your spell library contained the following spells:

 Spells                   Type           Power      Damage    Failure   Level
 Momentum Strike          Conj/Tloc      16%        3d8       12%         2
 Hailstorm                Conj/Ice       8%         3d4       24%         3
 Ignite Poison            Fire/Tmut/Pois 2%         N/A       50%         3
 Inner Flame              Hex/Fire       2%         N/A       50%         3
 Sticky Flame             Conj/Fire      8%         2d3       63%         4
 Cause Fear               Hex            1%         N/A       88%         4
 Discord                  Hex            1%         N/A       100%        8
 Ignition                 Fire           1%         3d3       100%        8


Dungeon Overview and Level Annotations

Branches:
Dungeon (5/15)             Temple (1/1) D:4           Sewer (visited)

Altars:
Cheibriados
Dithmenos
Fedhas
Gozag
Makhleb
Nemelex Xobeh
Okawaru
Trog
Zin

Shops:
D:3 *   D:4 =


Innate Abilities, Weirdness & Mutations

You are a tree.
Your roots penetrate the ground, keeping you stationary.
You cannot be teleported.
You are immune to unholy pain and torment.
Your maximum health is greatly increased.
Your equipment is partially melded.
(You are completely covered in rugged brown scales. (AC +3, +7% HP))
((Armour fits poorly on your strangely shaped body.))
((You have a long armoured tail.))
You roll when moving toward enemies. (Rampage)
Your long tongue fully drains potion bottles. (2x potion effects)
Your tongue gives you trouble enunciating. (1.5x scroll delay)
((Your tail ends in a venomous barb.))
You have supernaturally acute eyesight. (SInv)
You passively map a small area around you.


Message History

It was a potion of mutation.
You feel extremely strange.
A venomous barb forms on the end of your tail.
Your vision sharpens.
You feel a strange attunement to the structure of the dungeons.
Your attacks no longer feel as feeble.
The gnoll is no longer moving quickly.
The gnoll barely misses you.
The gnoll is distracted by your dazzling golden aura.
The gnoll shouts!
You hit the gnoll.
You kill the gnoll!
The gnoll bouda barks out a call to the hunt!
The gnoll picks up the pace!
You hit the gnoll bouda but do no damage.
The gnoll bouda is heavily wounded.
The gnoll bouda hits you with a +0 whip!
* * * LOW HITPOINT WARNING * * *
You slurp down every last drop of the amethyst potion!
It was a potion of invisibility.
You fade into invisibility!
The gnoll is no longer distracted by gold.
The gnoll bouda hits you with a +0 whip.
* * * LOW HITPOINT WARNING * * *
You slurp down every last drop of the sapphire potion!
It was a potion of resistance.
You feel protected.
Really quaff the potion of lignification?
You slurp down every last drop of the potion of lignification!
You turn into a tree.
Your +0 helmet melds into your body.
Your +0 pair of gloves melds into your body.
Your +0 ring mail melds into your body.
Your roots penetrate the ground.
The gnoll hits you with a +0 club.
* * * LOW HITPOINT WARNING * * *
The gnoll bouda hits you but does no damage.
You hit the gnoll bouda.
The gnoll bouda is heavily wounded.
You hit the gnoll but do no damage. The gnoll hits you with a +0 club.
* * * LOW HITPOINT WARNING * * *
The gnoll bouda hits you with a +0 whip.
You die...
Your body crumbles into a pile of gold.

* ### #.##.#. *..
..# #.##... #.#* #.#
#.###.. * **
####.####.####......
,
....##........###..
* *
#...............##
#.........##.##.#
#g#.#.##..##.# #
#♣gg.........#* *
###!............ , ,
#...$$#.#......(. ,
#..............#. **
#.......##.>.....
#.....####....##.
#.....# ....#
####..., ..#.., ####
*


You could see a gnoll bouda (unable to see you) and 2 gnolls.

Vanquished Creatures
  A kobold brigand (D:4)
  A scorpion (D:4)
  2 hounds
  An orc priest (D:3)
  Natasha (twice) (D:3)
  13 adders
  3 gnolls (D:5)
  4 river rats (Sewer)
  A worm (D:3)
  3 dart slugs
  5 orcs
  8 endoplasms
  5 giant cockroaches
  15 goblins
  3 hobgoblins (D:2)
  6 jackals
  2 quokkas
  11 ball pythons
  A bat (D:1)
  9 frilled lizards
  12 kobolds
  12 rats
120 creatures vanquished.

Vanquished Creatures (others)
  4 plants (D:3)
4 creatures vanquished.

Grand Total: 124 creatures vanquished

Notes
Turn   | Place    | Note
-------+----------+-------------------------------------------
     0 | D:1      | Pimp the Armataur Reaver began the quest for the Orb.
     0 | D:1      | Reached XP level 1. HP: 18/18 MP: 3/3
   150 | D:1      | Reached XP level 2. HP: 23/25 MP: 4/4
   558 | D:1      | Reached XP level 3. HP: 31/31 MP: 6/6
  1081 | D:2      | HP: 2/40 [poisoned by an adder]
  1312 | D:2      | Reached XP level 4. HP: 32/36 MP: 7/7
  1421 | D:2      | Reached skill level 3 in Axes
  1617 | D:2      | Found a glowing silver altar of Zin.
  1886 | D:3      | Found a glowing drain.
  1905 | Sewer    | Entered a sewer
  2203 | Sewer    | Reached XP level 5. HP: 17/44 MP: 8/8
  2808 | D:3      | Noticed Natasha
  2833 | D:3      | Killed Natasha
  3193 | D:3      | Found a faded altar of an unknown god.
  3319 | D:3      | Found Lami's General Store.
  3458 | D:3      | Found a sparkling altar of Nemelex Xobeh.
  3846 | D:3      | Reached XP level 6. HP: 53/53 MP: 10/10
  3892 | D:3      | Noticed Natasha
  3897 | D:3      | Killed Natasha
  4140 | D:4      | Reached skill level 4 in Axes
  4172 | D:4      | Found Dabese's Jewellery Emporium.
  4535 | D:4      | Found a staircase to the Ecumenical Temple.
  4608 | Temple   | Entered the Ecumenical Temple
  4754 | Temple   | Became a worshipper of Gozag Ym Sagoz the Greedy
  5108 | D:5      | Entered Level 5 of the Dungeon
  5148 | D:5      | Reached skill level 1 in Armour
  5148 | D:5      | Reached XP level 7. HP: 46/57 MP: 11/11
  5209 | D:5      | Gained mutation: Your tail ends in a venomous barb. [potion
                  | of mutation]
  5209 | D:5      | Gained mutation: You have supernaturally acute eyesight.
                  | (SInv) [potion of mutation]
  5209 | D:5      | Gained mutation: You passively map a small area around you.
                  | [potion of mutation]
  5214 | D:5      | HP: 4/87 [gnoll/+0 club[a gnoll bouda] (4)]
  5215 | D:5      | Slain by a gnoll bouda

Illustrated notes

Levels and vault maps discovered:
D:1:      dpeg_arrival_short_road, layout_loops_ring, minmay_surrounded
D:2:      layout_basic, basic_altar, minivault_24
D:3:      layout_loops_corners, nemelex_dance_club_becter,
          cheibrodos_sewer_entry_drain, serial_shops, shop_fountains,
          shapermc_ecumenical_altar_mp_ritualfount, nrook_uturn,
          minmay_misc_feat_columns, kennysheep_orc_chapel, uniq_natasha
D:4:      cheibrodos_thug_alley, layout_loops_ring,
          minmay_temple_entry_mini_moons, serial_shops, shop
D:5:      layout_loops_cross, serial_shops, shop, enter_ossuary_1
Temple:   mainiacjoe_temple_cubbyholes

Skill      XL: |  1  2  3  4  5  6 |
---------------+-------------------+-----
Fighting       | 2 3 |  3.2
Spellcasting   | 2 3 |  3.1
Conjurations   | 3 |  3.9
Axes           | 3 4 |  4.2
Dodging        | 2 |  2.6
Armour         | 1 |  1.0

Action                     |  1- 3 |  4- 6 |  7- 9 || total
---------------------------+-------+-------+-------++-------
  Melee: Hand axe          |   112 |   271 |    16 ||   399
         Tailslap          |     8 |    20 |     3 ||    31
   Cast: Kiss of Death     |     1 |     1 |       ||     2
  Evoke: Wand              |       |    11 |       ||    11
    Use: Scroll            |     6 |     4 |     1 ||    11
         Potion            |     3 |     9 |     5 ||    17
 Armour: Leather armour    |    50 |    15 |       ||    65
         Skin              |     3 |       |     1 ||     4
         Ring mail         |       |   102 |     8 ||   110
  Dodge: Dodged            |    60 |   109 |    15 ||   184

Table legend: (Time is in decaauts)
 A = Elapsed time spent in this place.
 B = Non-inter-level travel time spent in this place.
 C = Inter-level travel time spent in this place.
 D = Time resting spent in this place.
 E = Time spent auto-exploring this place.
 F = Levels seen in this place.
 G = Mean time per level.
                   A        B        C        D        E       F      G
               +--------+--------+--------+--------+--------+-----+--------+
         Total |   5254 |   4937 |    317 |    963 |   2928 |   7 |  750.6 |
       Dungeon |   4171 |   3936 |    235 |    569 |   2531 |   5 |  834.2 |
        Temple |    229 |    147 |     82 |      0 |    133 |   1 |  229.0 |
         Sewer |    853 |    853 |      0 |    394 |    264 |   1 |  853.0 |
               +--------+--------+--------+--------+--------+-----+--------+

Top non-repeatable levels by time:
     D:3: 1452 daAuts
     D:2: 958 daAuts
   Sewer: 853 daAuts
     D:1: 828 daAuts
     D:4: 822 daAuts
  Temple: 229 daAuts
     D:5: 109 daAuts
